 Dungeon Crawl Stone Soup version 0.26-a0-599-gc8f6553 (webtiles) character file.

Game seed: 3298080849266642083

39223 robertstho the Earth Mage (level 14, -26/84 HPs)
             Began as a Gargoyle Earth Elementalist on Aug 28, 2020.
             Was a Priest of Sif Muna.
             Annihilated by a minotaur
             ... wielding a +4 morningstar of holy wrath
              (36 damage)
             ... in a Gauntlet.
             The game lasted 00:49:16 (21892 turns).

robertstho the Earth Mage (GrEE)                   Turns: 21892, Time: 00:49:17

Health: -26/84     AC: 19    Str: 14    XL:     14   Next: 5%
Magic:  17/31      EV: 12    Int: 19    God:    Sif Muna [***...]
Gold:   601        SH:  5    Dex:  7    Spells: 24/40 levels left

rFire    + + +     SeeInvis +   i - staff of air
rCold    + + .     Faith    .   (no shield)
rNeg     + . .     Spirit   .   F - +2 robe {rC+ rF+}
rPois    ∞         Reflect  +   P - +2 hat
rElec    +         Harm     .   b - +1 cloak
rCorr    +         NoTele   +   (no gloves)
MR       +....                  S - +0 pair of boots
Stlth    ++........             G - amulet of reflection
HPRegen  0.24/turn              u - ring "Ryteij" {rElec rF+++ rC+ Dex-3 SInv}
MPRegen  0.22/turn              N - ring of resist corrosion

@: no status effects
A: big wings, negative energy resistance 1, electricity resistance, unbreathing,
petrification resistance, rot immunity, AC +10
a: Fly, Channel Magic, Forget Spell, Renounce Religion


You were in a Gauntlet.
You worshipped Sif Muna.
Sif Muna was most pleased with you.
You visited 3 branches of the dungeon, and saw 17 of its levels.
You also visited: Gauntlet.

You collected 1113 gold pieces.
You spent 512 gold pieces at shops.

Inventory:

Hand Weapons
 l - a +0 short sword of draining
 U - the +7 arbalest "Biyl" {venom, rC+ Str+7 Int-3}
   (You found it on level 11 of the Dungeon)

   It poisons the ammo it fires.
   It affects your strength (+7).
   It affects your intelligence (-3).
   It protects you from cold.
Missiles
 p - 282 stones (quivered)
 V - 90 bolts
Armour
 b - a +1 cloak (worn)
 F - a +2 robe of resistance (worn)
 P - a +2 hat (worn)
 S - a +0 pair of boots (worn)
Magical Staves
 i - an uncursed staff of air (weapon)
 C - an uncursed staff of earth
Jewellery
 g - a cursed amulet of inaccuracy {unknown}
 h - the ring of Ynulul {rPois rC- rN++ MR+ Int+6}
   (You found it on level 8 of the Dungeon)

   [ring of intelligence]

   It affects your intelligence (+6).
   It makes you vulnerable to cold.
   It protects you from poison.
   It greatly protects you from negative energy.
   It affects your resistance to hostile enchantments.
 k - an uncursed ring of positive energy
 n - an uncursed ring of protection from fire
 o - an uncursed ring of magical power
 r - a +4 ring of protection
 u - the ring "Ryteij" (left hand) {rElec rF+++ rC+ Dex-3 SInv}
   (You took it off an orc priest on level 4 of the Dungeon)

   [ring of see invisible]

   It affects your dexterity (-3).
   It renders you almost immune to fire.
   It protects you from cold.
   It insulates you from electricity.
   It lets you see invisible.
 y - a +4 ring of evasion
 D - an uncursed amulet of magic regeneration
 G - an amulet of reflection (around neck)
 N - a ring of resist corrosion (right hand)
 Q - an uncursed ring of positive energy
 W - an uncursed ring of protection from magic
Wands
 f - a wand of paralysis (18)
 B - a wand of iceblast (13)
 H - a wand of flame (18)
 M - a wand of polymorph (8)
Scrolls
 e - 2 scrolls of enchant armour
 q - 7 scrolls of remove curse
 s - 2 scrolls of immolation
 t - 3 scrolls of blinking
 v - 3 scrolls of fear
 x - 4 scrolls of magic mapping
 E - 10 scrolls of teleportation
 I - 2 scrolls of enchant weapon {unknown}
 J - 4 scrolls of summoning {unknown}
 K - 2 scrolls of fog {unknown}
 O - 2 scrolls of vulnerability {unknown}
Potions
 a - 2 potions of stabbing
 c - 3 potions of berserk rage
 d - 12 potions of curing
 j - 4 potions of brilliance
 m - 2 potions of flight
 w - 2 potions of resistance
 z - 2 potions of haste
 A - 3 potions of heal wounds
 L - 2 potions of mutation
 X - a potion of magic
 Y - a potion of cancellation


   Skills:
 * Level 8.7 Fighting
 + Level 2.0 Short Blades
 + Level 0.2 Staves
 + Level 2.9 Dodging
 + Level 3.2 Stealth
 + Level 0.1 Unarmed Combat
 * Level 13.6 Spellcasting
 + Level 1.8 Conjurations
 + Level 1.8 Transmutations
 * Level 16.5 Earth Magic
 * Level 7.6 Invocations


You had 24 spell levels left.
You knew the following spells:

 Your Spells              Type           Power        Failure   Level
a - Sandblast             Erth           ######       0%          1
b - Passwall              Tmut/Erth      #####...     1%          2
c - Stone Arrow           Conj/Erth      #####.       1%          3
d - Lee's Rapid Deconstr  Erth           ######....   1%          5
e - Petrify               Tmut/Erth      #####...     1%          4
f - Apportation           Tloc           ##....       5%          1

Your spell library contained the following spells:

 Spells                   Type           Power        Failure   Level
 Foxfire                  Conj/Fire      ###.         3%          1
 Animate Skeleton         Necr           ##....       5%          1
 Corona                   Hex            ##.....      5%          1
 Summon Small Mammal      Summ           ##..         5%          1
 Conjure Flame            Conj/Fire      ###.....     11%         3
 Confusing Touch          Hex            ##......     16%         3
 Gell's Gravitas          Tloc           ##........   16%         3
 Inner Flame              Hex/Fire       ##......     16%         3
 Sticky Flame             Conj/Fire      ###.....     34%         4
 Yara's Violent Unravell  Hex/Tmut       ###.......   67%         5
 Fireball                 Conj/Fire      ###.......   69%         5
 Metabolic Englaciation   Hex/Ice        ##........   82%         5
 Ignition                 Fire           ##........   100%        8
 Statue Form              Tmut/Erth      Unusable     N/A         6

Dungeon Overview and Level Annotations

Branches:
Dungeon (13/15)            Temple (1/1) D:5            Lair (3/6) D:11
  Swamp (0/4) Lair:2       Spider (0/4) Lair:3          Orc (0/2) D:11
Gauntlet (1/1)
 Vaults: D:13-14

Altars:
Ashenzari
Cheibriados
Dithmenos
Elyvilon
Fedhas
Gozag
Hepliaklqana
Kikubaaqudgha
Makhleb
Nemelex Xobeh
Okawaru
Qazlal
Ru
Sif Muna
Trog
Uskayaw
Vehumet
Wu Jian
Xom
Yredelemnul
Zin
The Shining One

Shops:
D:8 ?

Annotations:
D:1 1 runed translucent door Gauntlet 8 transporters, exclusion: obsidian statue


Innate Abilities, Weirdness & Mutations

You are resistant to torment.
Your stone body is resilient. (AC +10)
You are immune to poison.
Your large and strong wings let you fly indefinitely.
You resist negative energy. (rN+)
You are resistant to electric shocks. (rElec)
You can survive without breathing.
You are immune to petrification.
You are immune to rotting.


Message History

The minotaur gores you.
Casting: Petrify (mildly dangerous; 1% risk of failure)
Confirm with . or Enter, or press ? or * to list all spells.
Aiming: Petrify (mildly dangerous; 1% risk of failure)
Press: ? - help, Shift-Dir - straight line, f/p - minotaur
Aim: a minotaur, wielding a +4 morningstar of holy wrath, wearing a +0 plate armour, wearing a +2 kite shield of reflection, wearing an uncursed ring of protection from fire and quivering 13 silver javelins (lightly wounded, chance to defeat MR: 10%)
The minotaur resists with almost no effort.
The minotaur hits you with a +4 morningstar of holy wrath!!
* * * LOW HITPOINT WARNING * * *
The minotaur gores you but does no damage.
Okay, then.
Okay, then.
Okay, then.
Evoke which item? (* to show all) (? for menu, Esc to quit)
Aiming: Paralyse
Press: ? - help, Shift-Dir - straight line, f/p - minotaur
Aim: a minotaur, wielding a +4 morningstar of holy wrath, wearing a +0 plate armour, wearing a +2 kite shield of reflection, wearing an uncursed ring of protection from fire and quivering 13 silver javelins (lightly wounded, chance to defeat MR: 1%)
The minotaur resists with almost no effort.
The minotaur hits you with a +4 morningstar of holy wrath!!!
You die...

8.....8.## #......
........§##..###.#
#####...##........
....#...#....#.#..
#.#(#...#.8©.#.#.#######
.P.=#...#....# ..#8H8?8[
©.#©#.8.#.8©.###.'......
.P..#...#....#..H#
#.#?#...#.8©.#(#@#####
....#...#....#.#.....#
#####...##..........8#
........≈##..###.##.##
8.....8.####........#
.........############
######...§# .....#...##
.....#...§#


You could see a minotaur.

Vanquished Creatures
  3 entropy weavers (D:11)
  A blizzard demon (Gauntlet)
  A death ooze (Gauntlet)
  A hydra (Lair:2)
  Erolcha (D:11)
  3 ghost crabs (D:11)
  A centaur warrior (D:13)
  A two-headed ogre (D:11)
  6 fire crabs (D:11)
  5 skeletal warriors (D:11)
  2 unseen horrors
  Pikel (D:8)
  An oklob plant (Lair:3)
  A deep elf mage (D:12)
  An ugly thing (D:12)
  An apocalypse crab (D:11)
  Maurice (D:11)
  6 elephants (Lair:2)
  7 cane toads
  A rime drake (Lair:1)
  A komodo dragon (D:10)
  A troll (D:12)
  Prince Ribbit (D:5)
  9 hippogriffs
  2 hornets
  3 slime creatures (Gauntlet)
  3 blink frogs (Lair:2)
  A shadow (D:11)
  Sigmund (D:6)
  A wyvern (D:9)
  18 yaks
  A basilisk (Lair:2)
  Grum (D:8)
  2 vampire mosquitoes (D:13)
  Menkaure (D:6)
  A soldier ant (D:12)
  2 water moccasins
  A hornet zombie (D:8)
  11 porcupines
  5 sky beasts
  A swamp drake (Lair:2)
  3 ice beasts
  4 orc warriors
  3 phantoms
  6 ogres
  6 wolves
  6 centaurs
  2 lemures (D:8)
  7 crocodiles
  Blork the orc (D:5)
  11 bullfrogs
  6 scorpions
  A water moccasin zombie (D:6)
  A wyvern skeleton (D:10)
  A water moccasin skeleton (D:9)
  20 killer bees
  6 electric eels (D:8)
  5 wights (D:7)
  3 howler monkeys
  A quasit (D:11)
  4 bullfrog skeletons
  7 hounds
  3 jellies
  8 orc priests
  A gnoll shaman (D:5)
  7 orc wizards
  A centaur skeleton (D:4)
  8 iguanas
  14 worker ants
  A hound skeleton (D:4)
  4 worker ant zombies
  12 gnolls
  A howler monkey skeleton (D:5)
  11 adders
  A shadow imp (D:10)
  4 white imps
  2 ufetubi
  An adder zombie (D:9)
  3 adder skeletons
  4 worms
  6 dart slugs
  10 leopard geckos
  61 orcs
  A ball python (D:2)
  5 giant cockroaches
  11 hobgoblins
  10 jackals
  7 kobolds
  6 quokkas
  2 bats (D:1)
  7 frilled lizards
  11 goblins
  6 rats
445 creatures vanquished.

Vanquished Creatures (others)
  23 fungi
  58 plants
81 creatures vanquished.

Grand Total: 526 creatures vanquished

Notes
Turn   | Place    | Note
-------+----------+-------------------------------------------
     0 | D:1      | robertstho the Gargoyle Earth Elementalist began the quest
                  | for the Orb.
     0 | D:1      | Reached XP level 1. HP: 10/10 MP: 3/3
     1 | D:1      | Found a runed translucent door.
    82 | D:1      | Reached skill level 1 in Fighting
    99 | D:1      | Reached XP level 2. HP: 16/16 MP: 1/5
   346 | D:1      | Reached skill level 4 in Earth Magic
   439 | D:1      | Reached XP level 3. HP: 20/20 MP: 1/6
  1773 | D:2      | Reached XP level 4. HP: 25/25 MP: 5/8
  1848 | D:2      | Learned a level 2 spell: Passwall
  1852 | D:2      | Learned a level 3 spell: Stone Arrow
  2297 | D:3      | Found an opulent altar of Gozag.
  2399 | D:3      | Reached skill level 5 in Earth Magic
  2622 | D:3      | Reached XP level 5. HP: 25/29 MP: 4/9
  3486 | D:4      | Noticed an ogre
  3492 | D:4      | Killed an ogre
  3492 | D:4      | Reached skill level 1 in Short Blades
  3492 | D:4      | Reached XP level 6. HP: 35/35 MP: 0/11
  3752 | D:4      | Noticed a phantom
  3792 | D:4      | Killed a phantom
  3792 | D:4      | Reached skill level 1 in Conjurations
  3925 | D:4      | Identified the ring "Ryteij" {rElec rF+++ rC+ Dex-3 SInv}
  3936 | D:4      | Reached XP level 7. HP: 19/40 MP: 6/12
  3939 | D:4      | Reached skill level 6 in Earth Magic
  4463 | D:4      | Found a white marble altar of Elyvilon.
  4643 | D:4      | Found a basalt altar of Yredelemnul.
  4720 | D:5      | Entered Level 5 of the Dungeon
  4837 | D:5      | Found a staircase to the Ecumenical Temple.
  4866 | D:5      | Noticed Prince Ribbit
  4868 | D:5      | Reached skill level 5 in Spellcasting
  4883 | D:5      | Reached XP level 8. HP: 46/46 MP: 10/15
  4886 | D:5      | Reached skill level 7 in Earth Magic
  4889 | D:5      | Killed Prince Ribbit
  5017 | Temple   | Entered the Ecumenical Temple
  5022 | Temple   | Became a worshipper of Sif Muna the Loreminder
  5160 | D:5      | Learned a level 5 spell: Lee's Rapid Deconstruction
  5165 | D:5      | Learned a level 4 spell: Petrify
  5167 | D:5      | Learned a level 1 spell: Apportation
  5287 | D:5      | Found a glowing golden altar of the Shining One.
  5406 | D:5      | Reached skill level 8 in Earth Magic
  5870 | D:5      | Noticed Blork the orc
  5873 | D:5      | Killed Blork the orc
  5873 | D:5      | Reached skill level 1 in Invocations
  6362 | D:5      | Found an ancient bone altar of Kikubaaqudgha.
  6362 | D:5      | Found a hide-covered altar of Uskayaw.
  6500 | D:6      | Reached XP level 9. HP: 49/52 MP: 11/18
  6567 | D:6      | Noticed Sigmund
  6569 | D:6      | Killed Sigmund
  6569 | D:6      | Reached skill level 9 in Earth Magic
  6835 | D:6      | Reached * piety under Sif Muna
  7253 | D:6      | Found a burning altar of Makhleb.
  7528 | D:6      | Noticed Menkaure
  7529 | D:6      | Killed Menkaure
  8161 | D:7      | Reached skill level 10 in Earth Magic
  8470 | D:7      | Reached XP level 10. HP: 58/58 MP: 16/22
  9083 | D:7      | Reached ** piety under Sif Muna
  9109 | D:7      | Reached skill level 11 in Earth Magic
  9141 | D:7      | Reached skill level 5 in Fighting
  9927 | D:8      | Found a sacrificial altar of Ru.
 10438 | D:8      | Reached skill level 1 in Transmutations
 10813 | D:8      | Noticed Grum
 10816 | D:8      | Reached skill level 12 in Earth Magic
 10817 | D:8      | Killed Grum
 10817 | D:8      | Reached XP level 11. HP: 64/64 MP: 8/24
 10916 | D:8      | Found Xidecus's Magic Scroll Boutique.
 10927 | D:8      | Bought a scroll of identify for 32 gold pieces
 10927 | D:8      | Bought a scroll of teleportation for 48 gold pieces
 10927 | D:8      | Bought a scroll of amnesia for 56 gold pieces
 10927 | D:8      | Bought a scroll of remove curse for 48 gold pieces
 10927 | D:8      | Bought a scroll of identify for 32 gold pieces
 10927 | D:8      | Bought a scroll of fear for 56 gold pieces
 10927 | D:8      | Bought a scroll of torment for 120 gold pieces
 10927 | D:8      | Bought a scroll of blinking for 120 gold pieces
 10985 | D:8      | Found a glowing silver altar of Zin.
 10985 | D:8      | Found a shimmering altar of Xom.
 10985 | D:8      | Noticed an angel
 11319 | D:8      | Noticed Pikel
 11321 | D:8      | Killed Pikel
 11443 | D:8      | Got a shimmering lapis lazuli ring
 11635 | D:8      | Found a shimmering blue altar of Sif Muna.
 11643 | D:8      | Reached skill level 10 in Spellcasting
 12515 | D:9      | Identified the ring of Ynulul {rPois rC- rN++ MR+ Int+6}
                  | (You found it on level 8 of the Dungeon)
 12893 | D:9      | Found a shadowy altar of Dithmenos.
 12906 | D:9      | Found an iron altar of Okawaru.
 13403 | D:10     | Entered Level 10 of the Dungeon
 13634 | D:10     | Noticed an unseen horror
 13638 | D:10     | Killed an unseen horror
 14213 | D:10     | Reached skill level 5 in Invocations
 14710 | D:11     | Reached skill level 13 in Earth Magic
 14710 | D:11     | Noticed a two-headed ogre
 14803 | D:11     | Found a staircase to the Orcish Mines.
 14816 | D:11     | Noticed Maurice
 14825 | D:11     | Killed Maurice
 14828 | D:11     | Noticed Erolcha
 14839 | D:11     | Killed Erolcha
 14839 | D:11     | Reached XP level 12. HP: 71/71 MP: 2/27
 15252 | D:11     | Killed a two-headed ogre
 15252 | D:11     | Reached skill level 14 in Earth Magic
 15360 | D:11     | Found a staircase to the Lair.
 15588 | D:11     | Found a runed translucent door.
 15843 | D:11     | Got a pitted arbalest
 15844 | D:11     | Identified the +7 arbalest "Biyl" {venom, rC+ Str+7 Int-3}
                  | (You found it on level 11 of the Dungeon)
 17130 | D:11     | Noticed an entropy weaver
 17138 | D:11     | Killed an entropy weaver
 17261 | D:11     | Noticed a ghost crab
 17263 | D:11     | Killed a ghost crab
 17263 | D:11     | Reached XP level 13. HP: 78/78 MP: 18/29
 17336 | D:11     | Noticed an entropy weaver
 17338 | D:11     | Reached skill level 15 in Earth Magic
 17338 | D:11     | Killed an entropy weaver
 17480 | D:11     | Identified the cursed +1 great sword of Unoeq {drain,
                  | Stlth+}
 17480 | D:11     | Noticed an entropy weaver
 17483 | D:11     | Killed an entropy weaver
 17578 | D:11     | Identified the Grimoire of Blistering Stones
 18792 | Lair:1   | Entered Level 1 of the Lair of Beasts
 18795 | Lair:1   | Reached *** piety under Sif Muna
 20084 | Lair:2   | Found a staircase to the Swamp.
 20111 | Lair:2   | Reached skill level 16 in Earth Magic
 21403 | Lair:3   | Found a gate leading to a gauntlet.
 21412 | Gauntlet | Entered a Gauntlet
 21412 | Gauntlet | Found a transporter.
 21487 | Gauntlet | Found a transporter.
 21503 | Gauntlet | Found a transporter.
 21503 | Gauntlet | Noticed a blizzard demon
 21507 | Gauntlet | Found a transporter.
 21525 | Gauntlet | Found a transporter.
 21535 | Gauntlet | Noticed a reaper
 21538 | Gauntlet | Found a transporter.
 21551 | Gauntlet | Found a transporter.
 21551 | Gauntlet | Noticed a death ooze
 21571 | Gauntlet | Found a transporter.
 21576 | Gauntlet | Noticed a blizzard demon
 21583 | Gauntlet | Found a transporter.
 21605 | Gauntlet | Found a transporter.
 21606 | Gauntlet | Found a transporter.
 21610 | Gauntlet | Found a transporter.
 21693 | Gauntlet | Killed a blizzard demon
 21693 | Gauntlet | Gained mutation: Your large and strong wings let you fly
                  | indefinitely. [Gargoyle growth]
 21693 | Gauntlet | Reached XP level 14. HP: 84/84 MP: 24/31
 21794 | Gauntlet | Got a thick robe
 21804 | Gauntlet | Identified the +0 robe of Vyclejevo {Harm MR+ rCorr Dex-5}
                  | (You found it in a Gauntlet)
 21892 | Gauntlet | Annihilated by a minotaur

Illustrated notes

Levels and vault maps discovered:
D:1:      dpeg_arrival_caged_fury, layout_basic, lemuel_flame_loot_1
D:2:      layout_basic, chequers_serial_rivers_micro_e
D:3:      layout_basic, grunt_gozag_statues, chequers_serial_rivers_micro_e,
          st_stairs_7
D:4:      layout_basic, yredelemnul_altar_generic, elyvilon_altar_3
D:5:      layout_loops_ring, marbit_many_paths, amethyst_overflow_temple_binary,
          minmay_temple_entry_large_hall, uniq_blork_the_orc,
          uniq_prince_ribbit1
D:6:      minmay_recursive_quarters, layout_cave_pools, bloody_makhleb,
          minmay_stone_trees_small, uniq_sigmund, uniq_menkaure
D:7:      cheibrodos_barr_body, layout_rooms, corexii_hall_statues_deadend,
          kennysheep_generic_room_12
D:8:      layout_basic, grunt_temple_overflow_order_and_chaos_1,
          nicolae_ru_awakened_eye, serial_shops, shop, chequers_big_river,
          led_sif_book, uniq_pikel, uniq_grum
D:9:      layout_basic, grunt_temple_overflow_open, lightli_orcish_oven
D:10:     layout_rooms, small_chamber_with_monster,
          hangedman_abyss_or_decor_clamps, roderic_lattice_a
D:11:     gammafunk_mikee_crab_dinner, layout_irregular_city,
          minmay_lair_entry_grove, orc_0_dummy, uniq_maurice, uniq_erolcha
D:12:     layout_loops_ring
D:13:     layout_loops_ring, lightli_vaults_fourway_checkpoint,
          chequers_serial_rivers_room_b, chequers_mini_garden
Temple:   minmay_freezing_vapour_temple
Lair:1:   layout_roguey, lemuel_fruit_fields, grunt_megastairs_2
Lair:2:   layout_roguey, minmay_swamp_entry_reptiles, serial_rivers,
          chequers_serial_rivers_micro_b, chequers_serial_rivers_room_a,
          chequers_serial_rivers_small_b, chequers_serial_rivers_small_a,
          chequers_serial_rivers_large_a, chequers_serial_rivers_marsh
Lair:3:   layout_regular_city, nicolae_spider_entry_non_spiders,
          gauntlet_entry_generic
Gauntlet: minmay_gauntlet_mixed_oops_all_seconds
          [minmay_gauntlet_arena_77_mirror, gammafunk_gauntlet_arena_spirals,
          minmay_gauntlet_arena_77_radiant_squares,
          nicolae_gauntlet_arena_blocks, minmay_gauntlet_arena_77_museum,
          gammafunk_gauntlet_arena_hedges,
          nicolae_gauntlet_exit_dead_adventurers]

Skill      XL: |  1  2  3  4  5  6  7  8  9 10 11 12 13 |
---------------+----------------------------------------+-----
Fighting       | 1 2 3 4 5 6 7 8 |  8.7
Earth Magic    | 4 5 6 8 10 12 13 14 16 | 16.5
Spellcasting   | 3 5 6 8 9 11 12 13 | 13.6
Short Blades   | 1 2 |  2.0
Dodging        | 2 |  2.9
Conjurations   | 1 |  1.8
Stealth        | 3 |  3.2
Invocations    | 1 2 3 5 6 7 |  7.6
Transmutations | 1 |  1.8
Staves         | |  0.2
Unarmed Combat | |  0.1

Action                   |  1- 3 |  4- 6 |  7- 9 | 10-12 | 13-15 || total
-------------------------+-------+-------+-------+-------+-------++-------
Melee: Unarmed           |     1 |     4 |       |       |       ||     5
       Short sword       |       |   140 |    67 |       |       ||   207
       Club              |       |    12 |       |       |       ||    12
       Punch             |       |       |     1 |       |       ||     1
       Staff             |       |       |     4 |    32 |     1 ||    37
 Cast: Sandblast         |    49 |    17 |    84 |    13 |     1 ||   164
       Stone Arrow       |       |    15 |       |    18 |    22 ||    55
       Lee's Rapid Decon |       |       |    60 |   210 |   124 ||   394
       Petrify           |       |       |       |    39 |    33 ||    72
Invok: Channel Magic     |       |       |     1 |    24 |    13 ||    38
Evoke: Wand              |       |       |       |       |     1 ||     1
  Use: Scroll            |       |       |       |    12 |     9 ||    21
       Potion            |       |       |       |       |     2 ||     2
 Stab: Sleeping          |       |     1 |       |       |       ||     1
       Distracted        |       |       |     1 |       |       ||     1
Armor: Robe              |     2 |    54 |    60 |    51 |    24 ||   191
Dodge: Dodged            |     9 |   101 |    89 |    70 |    29 ||   298
Block: Other             |       |       |       |     9 |    13 ||    22
       Reflection        |       |       |       |     2 |     1 ||     3

Table legend: (Time is in decaauts)
 A = Elapsed time spent in this place.
 B = Non-inter-level travel time spent in this place.
 C = Inter-level travel time spent in this place.
 D = Time resting spent in this place.
 E = Time spent auto-exploring this place.
 F = Levels seen in this place.
 G = Mean time per level.
                   A        B        C        D        E       F      G
               +--------+--------+--------+--------+--------+-----+--------+
         Total |  21957 |  20742 |   1215 |   6892 |  11250 |  18 | 1219.8 |
       Dungeon |  18752 |  17644 |   1108 |   5909 |   9496 |  13 | 1442.5 |
        Temple |     99 |     94 |      5 |     86 |      1 |   1 |   99.0 |
          Lair |   2628 |   2526 |    102 |    775 |   1494 |   3 |  876.0 |
      Gauntlet |    477 |    477 |      0 |    122 |    258 |   1 |  477.0 |
               +--------+--------+--------+--------+--------+-----+--------+

Top non-repeatable levels by time:
    D:11: 2530 daAuts
     D:8: 2506 daAuts
     D:5: 1949 daAuts
     D:6: 1750 daAuts
     D:7: 1514 daAuts
     D:9: 1457 daAuts
  Lair:2: 1321 daAuts
     D:3: 1317 daAuts
     D:1: 1317 daAuts
     D:4: 1291 daAuts
    D:10: 1136 daAuts
  Lair:1: 1054 daAuts
    D:12: 1038 daAuts
     D:2: 934 daAuts
Gauntlet: 477 daAuts
